 Dungeon Crawl Stone Soup version 0.31.0-9-g3a7656b989 (webtiles) character file.

Game seed: 4837365594335676590

4451 shadowrider38 the Cleaver (level 10, -9/79 HPs)
             Began as a Formicid Wanderer on Jan 24, 2024.
             Was a Follower of Okawaru.
             Mangled by a large abomination (14 damage)
             ... on level 1 of the Abyss.
             The game lasted 00:18:59 (9092 turns).

shadowrider38 the Cleaver (Formicid Wanderer)       Turns: 9092, Time: 00:19:00

Health: -9/79      AC: 18    Str: 26    XL:     10   Next: 63%
Magic:  13/13      EV:  7    Int: 11    God:    Okawaru [*.....]
Gold:   439        SH:  0    Dex: 15    Spells: 12/13 levels left

rFire   . . .        a - +1 broad axe
rCold   . . .        (no shield)
rNeg    . . .        m - +0 plate armour
rPois   .            (helmet unavailable)
rElec   .            A - +0 cloak
rCorr   .            d - +0 pair of gloves
SInv    +            s - +0 pair of boots {Fly}
Will    +....        r - amulet of regeneration Stlth
                     F - +4 ring of protection
HPRegen 1.13/turn    w - +6 ring of strength
MPRegen 0.13/turn

%: no passive effects
@: flying
A: permanent stasis, dig shafts and tunnels, antennae 3, four strong arms
a: Dig, Shaft Self, Renounce Religion, Heroism


You were on level 1 of the Abyss.
You worshipped Okawaru.
Okawaru was aware of your devotion.
You visited 2 branches of the dungeon, and saw 10 of its levels.
You visited the Abyss 1 time.

You collected 439 gold pieces.

Inventory:

Hand Weapons
 a - a +1 broad axe (weapon)
 y - a +2 flail of protection
 C - a +2 trident of draining
Missiles
 k - 22 poisoned darts
 t - 6 boomerangs
 x - 6 silver javelins (quivered)
 J - 3 atropa-tipped darts
Armour
 d - a +0 pair of gloves (worn)
 m - a +0 plate armour (worn)
 s - a +0 pair of boots of flying (worn)
 A - a +0 cloak (worn)
 B - an orb of guile
Magical Staves
 p - a staff of death
 v - a staff of cold
 K - a staff of conjuration
Jewellery
 n - a ring of positive energy
 r - an amulet of regeneration (around neck)
 w - a +6 ring of strength (right hand)
 E - a ring of ice
 F - a +4 ring of protection (left hand)
Wands
 b - a wand of mindburst (23)
 u - a wand of roots (5)
 V - a wand of flame (24)
Scrolls
 e - a scroll of revelation {unknown}
 h - a scroll of fear {unknown}
 j - a scroll of amnesia {unknown}
 o - 2 scrolls of enchant weapon
 q - a scroll of noise
 z - a scroll of immolation {unknown}
 D - a scroll of vulnerability {unknown}
 H - a scroll of poison {unknown}
Potions
 c - 3 potions of ambrosia
 f - 3 potions of mutation
 g - a potion of cancellation
 i - a potion of lignification {unknown}
 l - a potion of haste {unknown}
 G - a potion of attraction {unknown}
 I - a potion of might {unknown}
 Q - 2 potions of curing


   Skills:
 + Level 7.2 Fighting
 * Level 10.0(11.1) Axes
 - Level 7.6(9.9) Maces & Flails
 - Level 1.9(6.5) Polearms
 + Level 3.2 Armour
 - Level 2.4 Stealth
 - Level 2.0 Spellcasting
 - Level 2.6 Conjurations
 - Level 1.5 Air Magic
 - Level 1.1 Evocations


You had 12 spell levels left.
You knew the following spells:

 Your Spells              Type           Power      Damage    Failure   Level
a - Shock                 Conj/Air       20%        1d4       87%         1

Your spell library contained the following spells:

 Spells                   Type           Power      Damage    Failure   Level
 Static Discharge         Conj/Air       10%        3-4/arc   95%         2
 Necrotise                Necr           4%         1d4       99%         1
 Slow                     Hex            4%         N/A       99%         1
 Sublimation of Blood     Necr           1%         N/A       99%         2
 Confusing Touch          Hex            1%         N/A       100%        3
 Mephitic Cloud           Conj/Alch/Air  4%         N/A       100%        3
 Sigil of Binding         Hex            1%         N/A       100%        3
 Vampiric Draining        Necr           1%         2d6       100%        3
 Volatile Blastmotes      Fire/Tloc      2%         2d10      100%        3
 Fulminant Prism          Conj/Alch      2%         3d5       100%        4
 Iskenderun's Mystic Bla  Conj/Tloc      4%         2d3       100%        4
 Passage of Golubria      Tloc           1%         N/A       100%        4
 Curse of Agony           Necr           1%         N/A       100%        5
 Yara's Violent Unravell  Hex/Alch       0%         3d3       100%        5
 Call Imp                 Summ           Unusable   N/A       N/A         2
 Tukima's Dance           Hex            Unusable   N/A       N/A         3
 Martyr's Knell           Necr/Summ      Unusable   N/A       N/A         4
 Summon Hydra             Summ           Unusable   N/A       N/A         7

Dungeon Overview and Level Annotations

Branches:
Dungeon (9/15) Zot: 26969  Temple (1/1) D:6 Zot: 5995
   Lair: D:8-11         Orc: D:9-12

Altars:
Ashenzari
Cheibriados
Dithmenos
Elyvilon
Fedhas
Gozag
Hepliaklqana
Kikubaaqudgha
Makhleb
Nemelex Xobeh
Okawaru
Qazlal
Ru
Uskayaw
Vehumet
Wu Jian
Xom
Yredelemnul
Zin
The Shining One

Shops:
D:4 (

Annotations:
D:1 exclusion: downstairs
D:2 exclusion: 2 downstairs
D:3 exclusion: downstairs
D:5 exclusion: downstairs
D:6 exclusions: door and downstairs
D:8 4 transporters
D:9 Psyche


Innate Abilities, Weirdness & Mutations

You cannot be hasted, slowed, berserked, paralysed or teleported.
You can dig through walls and to a lower floor.
You have a pair of large antennae on your head. (SInv)
Your four strong arms can wield two-handed weapons with a shield.


Message History

The grasping roots constrict the large abomination.
The grasping roots constrict the unseen horror.
The unseen horror misses you.
The unseen horror struggles to escape constriction.
The unseen horror escapes!
The large abomination hits you!!
Unknown command.
You slice the large abomination!!
The large abomination is severely damaged.
You feel like a meek peon again.
The grasping roots constrict the large abomination.
The roots release their grip on the large abomination.
The unseen horror hits you. The large abomination hits you!
You hit the large abomination.
The large abomination is severely damaged.
You hit the unseen horror. The unseen horror barely misses you.
A small abomination comes into view.
The large abomination hits you.
You hit the large abomination but do no damage.
The large abomination is severely damaged.
The large abomination hits you but does no damage.
Unknown command.
Aiming: Fastroot
Press: ? - help, Shift-Dir - straight line, f - large abomination
Aim: a large abomination (severely damaged)
The roots erupt in riotous growth!
Roots grab the large abomination.
Roots grab the small abomination.
The grasping roots constrict the small abomination.
The grasping roots constrict the large abomination, but do no damage.
The large abomination hits you but does no damage.
Unknown command.
You hit the large abomination but do no damage.
The large abomination is severely damaged.
The grasping roots constrict the small abomination!
The grasping roots constrict the large abomination, but do no damage.
The roots release their grip on the large abomination.
The large abomination completely misses you.
Unknown command.
Okay, then.
Unknown command.
Unknown command.
You barely miss the large abomination.
The large abomination is severely damaged.
The grasping roots constrict the small abomination.
The roots release their grip on the small abomination.
The large abomination hits you!!
* * * LOW HITPOINT WARNING * * *
You hit the large abomination but do no damage.
The large abomination is severely damaged.
The large abomination hits you!
You die...

## , #..,
## .x#{ยง#
#X#.#
#@.##
#...#,
#....#
...#.#
...#.#..
.###.>.###
#. #### .
.


You could see a large abomination and a small abomination.

Vanquished Creatures
  A large abomination (Abyss:1)
  Jeremiah (D:6)
  A hornet (D:7)
  3 yaks (D:8)
  Eustachio (D:5)
  Grum (D:8)
  2 orc warriors
  2 black bears (D:6)
  An ogre (D:6)
  2 sky beasts (D:7)
  3 ice beasts
  A centaur (D:6)
  4 wolves (D:8)
  A weeping skull (D:8)
  A bullfrog (D:7)
  3 scorpions
  6 wights (D:8)
  7 howler monkeys
  3 hounds
  A jelly (D:4)
  4 orc priests
  A gnoll bouda (D:7)
  6 iguanas
  Jessica (D:3)
  3 orc wizards (D:8)
  6 gnolls
  3 adders
  A shadow imp (D:7)
  2 white imps
  2 ufetubi (D:6)
  A dart slug (D:3)
  A ribbon worm (D:2)
  25 orcs
  6 endoplasms
  3 giant cockroaches
  10 goblins
  2 hobgoblins
  6 jackals
  4 kobolds
  5 quokkas
  10 ball pythons
  4 bats
  10 frilled lizards
  5 rats
  A spectral orc (D:8)
167 creatures vanquished.

Vanquished Creatures (collateral kills)
  A centaur (D:7)
1 creature vanquished.

Vanquished Creatures (others)
  A hound (D:7)
1 creature vanquished.

Grand Total: 169 creatures vanquished

Notes
Turn   | Place    | Note
-------+----------+-------------------------------------------
     0 | D:1      | shadowrider38 the Formicid Wanderer began the quest for the
                  | Orb.
     0 | D:1      | shadowrider38 set off with the following items: a +0 club,
                  | a scroll of summoning, a +0 leather armour, a +0 pair of
                  | gloves; and the following spell memorised: Shock; and the
                  | following spells available to memorise: Static Discharge,
                  | Mephitic Cloud, Fulminant Prism.
     0 | D:1      | Reached XP level 1. HP: 13/13 MP: 2/2
   352 | D:1      | Reached XP level 2. HP: 20/20 MP: 2/4
  1302 | D:2      | Reached XP level 3. HP: 27/27 MP: 3/6
  2014 | D:2      | Reached XP level 4. HP: 28/33 MP: 7/7
  2259 | D:3      | Found a sacrificial altar of Ru.
  2259 | D:3      | Found a shimmering altar of Xom.
  2259 | D:3      | Found a broken altar of Ashenzari.
  2365 | D:3      | Noticed Jessica
  2375 | D:3      | Killed Jessica
  2376 | D:3      | Reached skill level 1 in Axes
  2485 | D:3      | Found a shadowy altar of Dithmenos.
  2518 | D:3      | Reached skill level 2 in Axes
  2518 | D:3      | Reached XP level 5. HP: 26/38 MP: 8/8
  2659 | D:3      | Reached skill level 3 in Axes
  3032 | D:4      | Noticed an ogre
  3155 | D:4      | Reached XP level 6. HP: 44/44 MP: 9/9
  3158 | D:4      | Found Suoffaoz's Antique Weapon Emporium.
  3176 | D:4      | Reached skill level 3 in Maces & Flails
  3280 | D:4      | Found a burning altar of Makhleb.
  3280 | D:4      | Found a glowing silver altar of Zin.
  3308 | D:4      | Noticed an angel
  3308 | D:4      | Noticed a green death
  3856 | D:4      | Reached XP level 7. HP: 50/51 MP: 10/10
  3985 | D:5      | Entered Level 5 of the Dungeon
  4049 | D:5      | Reached skill level 3 in Fighting
  4106 | D:5      | Found an ornate altar of the Wu Jian Council.
  4578 | D:5      | Found a glowing golden altar of the Shining One.
  4642 | D:5      | Reached XP level 8. HP: 48/60 MP: 11/11
  4961 | D:6      | Noticed Eustachio
  5245 | D:5      | Killed Eustachio
  5246 | D:5      | Reached skill level 3 in Armour
  5665 | D:6      | Noticed Jeremiah
  5715 | D:6      | Killed Jeremiah
  5716 | D:6      | Reached XP level 9. HP: 40/69 MP: 12/12
  5878 | D:6      | Found a staircase to the Ecumenical Temple.
  5942 | Temple   | Entered the Ecumenical Temple
  6092 | D:7      | Noticed a hornet
  6139 | D:7      | Reached skill level 4 in Axes
  6837 | D:7      | Reached skill level 5 in Axes
  7232 | D:7      | Found a radiant altar of Vehumet.
  7275 | D:7      | Reached skill level 6 in Axes
  7292 | D:7      | Killed a hornet
  7612 | D:8      | Found an iron altar of Okawaru.
  7629 | D:8      | Reached skill level 7 in Axes
  7675 | D:8      | Became a worshipper of Warmaster Okawaru
  7802 | D:8      | Found a transporter.
  7808 | D:8      | Found a transporter.
  7866 | D:8      | Found a transporter.
  7866 | D:8      | Found a transporter.
  7909 | D:8      | Found a basalt altar of Yredelemnul.
  7929 | D:8      | Reached XP level 10. HP: 76/76 MP: 13/13
  7967 | D:8      | Reached skill level 8 in Axes
  7997 | D:8      | Noticed Grum
  8039 | D:7      | Reached * piety under Okawaru
  8040 | D:7      | Reached skill level 9 in Axes
  8315 | D:8      | Killed Grum
  9025 | D:9      | Noticed Psyche
  9029 | Abyss:1  | Cast into level 1 of the Abyss (Psyche)
  9050 | Abyss:1  | Noticed a thrashing horror
  9073 | Abyss:1  | Noticed a large abomination
  9079 | Abyss:1  | Noticed an unseen horror
  9080 | Abyss:1  | Noticed a large abomination
  9082 | Abyss:1  | Killed a large abomination
  9083 | Abyss:1  | Reached skill level 10 in Axes
  9092 | Abyss:1  | Mangled by a large abomination

Illustrated notes

Levels and vault maps discovered:
D:1:      zaba_arrival_water, layout_basic, dk_noncrumbling_3,
          minmay_misc_feat_cross, minmay_misc_feat_more_columns,
          minmay_distorted
D:2:      layout_loops_cross
D:3:      layout_basic, gammafunk_temple_overflow_claw, grunt_dithmenos_smoke,
          kennysheep_generic_room_2, uniq_jessica
D:4:      layout_loops_ring, grunt_temple_overflow_order_and_chaos_2,
          serial_shops, nicolae_shop_dealshenge
D:5:      layout_basic, tso_oasis_becter, nzn_wu_jian_council_hall
D:6:      minmay_chambers_of_sixes, layout_cave_pools,
          minmay_temple_entry_glassed_door, hangedman_decor_growths,
          minmay_lizard_king, uniq_jeremiah, uniq_eustachio
D:7:      layout_basic, nicolae_vehumet_altar_sigil
D:8:      layout_loops_ring, yredelemnul_forgotten_temple_becter,
          mainiacjoe_overflow_paths, nicolae_transporter_circle, uniq_grum
D:9:      layout_roguey, erik_lair_orcish_takeover, uniq_psyche, uniq_harold
Temple:   nicolae_temple_ecumenical_triangle
Abyss:1:  base:
D:8

Skill      XL: |  1  2  3  4  5  6  7  8  9 10 |
---------------+-------------------------------+-----
Spellcasting   | 2 |  2.0
Fighting       | 1 2 4 6 7 |  7.2
Polearms       | 1 |  1.9
Axes           | 2 3 7 10 | 10.0
Maces & Flails | 2 3 5 7 |  7.6
Armour         | 2 3 |  3.2
Stealth        | |  2.4
Conjurations   | |  2.6
Air Magic      | |  1.5
Evocations     | |  1.1

Action                     |  1- 3 |  4- 6 |  7- 9 | 10-12 || total
---------------------------+-------+-------+-------+-------++-------
  Melee: Club              |    14 |       |       |       ||    14
         Dagger            |    15 |       |       |       ||    15
         Spear             |    49 |     5 |       |       ||    54
         War axe           |       |    41 |       |       ||    41
         Punch             |       |     4 |     1 |     2 ||     7
         Flail             |       |    87 |   131 |       ||   218
         Broad axe         |       |       |   104 |   113 ||   217
  Throw: Dart              |       |       |     5 |     8 ||    13
   Cast: Shock             |    31 |       |       |       ||    31
 Invoke: Heroism           |       |       |       |     3 ||     3
  Evoke: Wand              |       |       |     9 |     8 ||    17
    Use: Scroll            |     3 |     4 |     4 |       ||    11
         Potion            |       |     2 |     3 |     3 ||     8
   Stab: Sleeping          |     1 |       |       |       ||     1
         Invisible         |       |       |       |     1 ||     1
 Armour: Leather armour    |    25 |       |       |       ||    25
         Plate armour      |    34 |   125 |   299 |   104 ||   562
  Dodge: Dodged            |    42 |    29 |    88 |    58 ||   217
